 Dungeon Crawl Stone Soup version 0.29-a0-214-g17f627cfee (webtiles) character file.

Game seed: 9616740961954584203

0 mcwallace the Ducker (level 1, -2/14 HPs)
             Began as a Tengu Monk on Feb 24, 2022.
             Succumbed to a goblin's poison
             ... on level 1 of the Dungeon.
             The game lasted 00:00:13 (54 turns).

mcwallace the Ducker (Tengu Monk)                     Turns: 54, Time: 00:00:14

Health: -2/14      AC:  2    Str: 11    XL:     1   Next: 10%
Magic:  2/2        EV: 13    Int: 10    God:
Gold:   0          SH:  0    Dex: 16    Spells: 0/0 levels left

rFire   . . .      SeeInvis .   a - +0 hand axe {axe}
rCold   . . .      Faith    .   (no shield)
rNeg    . . .      Spirit   .   b - +0 robe
rPois   .          Reflect  .   (helmet restricted)
rElec   .          Harm     .   (no cloak)
rCorr   .          Rampage  .   (no gloves)
Will    .....                   (boots unavailable)
Stlth   ++........              (no amulet)
HPRegen 0.04/turn               (no ring)
MPRegen 0.08/turn               (no ring)

@: lethally poisoned (-2 -> -21)
A: beak, talons 3
a: no special abilities


You were on level 1 of the Dungeon.
You visited 1 branch of the dungeon, and saw 1 of its levels.


Innate Abilities, Weirdness & Mutations

You have a beak for a mouth.
You have claws for feet.


   Skills:
 + Level 3.0 Fighting
 + Level 3.2 Axes
 + Level 0.0 Armour
 + Level 3.2 Dodging
 + Level 2.0 Stealth
 + Level 0.0 Spellcasting


You couldn't memorise any spells.
You didn't know any spells.
Your spell library was empty.

Inventory:

Hand Weapons
 a - a +0 hand axe (weapon) {axe}
Armour
 b - a +0 robe (worn)
 c - a +0 robe
   (You found it on level 1 of the Dungeon)

Dungeon Overview and Level Annotations

Branches:
Dungeon (1/15)

Altars:

######## .........
........ ........#
.♣♣♣♣♣♣♣♣♣. ........#
.♣PP..PP..♣ ).......#
#.♣PP..P...♣ ........#
#.♣..PP...P♣ ........#
#.♣..P.<.PP♣
.......)#####.♣PP...P..♣
......†@......♣P...PP..♣
........####..♣...P..PP♣
........# #..♣..PP..PP♣
........# #...♣♣♣♣♣♣♣♣♣
........# #............
........# ###########..
........# #.. #########
#.# #..


There were no monsters in sight!


Message History

🤖 Initializing magus.rc ...
Options error: Delay interrupt name "hungry" not recognised. (~/.crawlrc:4770) Options error: Bad monster_list_colour key: strict_neutral (~/.crawlrc:4785) ✅ Successfully initialized magus.rc [v1.9.6] Welcome, mcwallace the Tengu Monk.
Below lies the Orb of Zot, rumoured to be powerful enough to resurrect a god...
Press ? for a list of commands and other information.
Found a staircase leading out of the dungeon.
Found a stone staircase leading down.
c - a +0 robe A bat comes into view.
A bat is nearby!
A goblin comes into view. It is wielding a +2 dagger of venom.
The helpless bat fails to defend itself.
You hit the bat. You peck the bat.
The goblin shouts!
The bat hits you but does no damage. The bat hits you.
The bat closely misses you. 😕 HP[-1]
You take 1 damage, and now have 13/14 hp.
You hit the bat.
You kill the bat!
You hit the goblin.
The goblin hits you with a +2 dagger of venom.
A goblin is nearby! 😮 HP[-4]
You take 4 damage, and now have 9/14 hp.
MASSIVE DAMAGE!! (PAUSE)
You are too injured to fight recklessly!
You are too injured to fight recklessly!
A goblin is nearby!
You are too injured to fight recklessly!
You closely miss the goblin. You claw the goblin, but do no damage.
You peck the goblin.
The goblin hits you with a +2 dagger of venom.
You are lethally poisoned! 😮 HP[-1]
You take 1 damage, and now have 8/14 hp.
You hit the goblin but do no damage.
* * * LOW HITPOINT WARNING * * *
You feel very sick.
The goblin hits you with a +2 dagger of venom.
* * * LOW HITPOINT WARNING * * *
You are more poisoned. 😱 HP[-6]
You take 6 damage, and now have 2/14 hp.
MASSIVE DAMAGE!! (PAUSE)
You closely miss the goblin. You claw the goblin.
You kill the goblin!
You die...

Action                   || total
-------------------------++-------
Melee: Hand axe          ||     6
       Kick              ||     2
       Peck              ||     2
 Stab: Sleeping          ||     1
Armor: Robe              ||     1
Dodge: Dodged            ||     1

Levels and vault maps discovered:
D:1:      scummos_arrival_checkerplants, layout_basic

Notes
Turn   | Place    | Note
-------+----------+-------------------------------------------
     0 | D:1      | mcwallace the Tengu Monk began the quest for the Orb.
     0 | D:1      | Reached XP level 1. HP: 14/14 MP: 2/2
     0 | D:1      | magus.rc [v1.9.6]
    53 | D:1      | HP: 2/14 [goblin/+2 dagger of venom (3)]
    54 | D:1      | Succumbed to a goblin's poison

Vanquished Creatures
  A goblin (D:1)
  A bat (D:1)
2 creatures vanquished.

Table legend:
 A = Non-vault XP
 B = Vault XP
 C = Vault XP percentage of total XP
 D = Non-vault monster count
 E = Vault monster count
 F = Vault count percentage of total count
                 A         B        C        D         E       F
            +---------+---------+-------+---------+---------+-------
      Total |       3 |       0 |   0.0 |       2 |       0 |   0.0
            +---------+---------+-------+---------+---------+-------
        D:1 |       3 |       0 |   0.0 |       2 |       0 |   0.0
            +---------+---------+-------+---------+---------+-------

Illustrated notes

Table legend:
 A = Kills in this place as a percentage of kills in entire the game.
 B = Kills by you in this place as a percentage of kills by you in the entire game.
 C = Kills by friends in this place as a percentage of kills by friends in the entire game.
 D = Other kills in this place as a percentage of other kills in the entire game.
 E = Experience gained in this place as a percentage of experience gained in the entire game.
 F = Experience gained in this place divided by the number of levels of this place that you have seen.
                   A       B       C       D       E      F
               +-------+-------+-------+-------+-------+----------------------
         Total | 100.0 | 100.0 |   N/A |   N/A | 100.0 |   3.0
       Dungeon | 100.0 | 100.0 |   N/A |   N/A | 100.0 |   3.0
               +-------+-------+-------+-------+-------+----------------------

Table legend: (Time is in decaauts)
 A = Elapsed time spent in this place.
 B = Non-inter-level travel time spent in this place.
 C = Inter-level travel time spent in this place.
 D = Time resting spent in this place.
 E = Time spent auto-exploring this place.
 F = Levels seen in this place.
 G = Mean time per level.
                   A        B        C        D        E       F      G
               +--------+--------+--------+--------+--------+-----+--------+
         Total |     54 |     54 |      0 |      0 |     42 |   1 |   54.0 |
       Dungeon |     54 |     54 |      0 |      0 |     42 |   1 |   54.0 |
               +--------+--------+--------+--------+--------+-----+--------+

Top non-repeatable levels by time:
     D:1: 54 daAuts
